 Dungeon Crawl Stone Soup version 0.26.1-11-gd32895ea62 (webtiles) character file.

Game seed: 5360667873048910886

121 Arsuriii the Cutter (level 5, 0/29 HPs)
             Began as a Kobold Berserker on Apr 20, 2021.
             Was an Initiate of Hepliaklqana.
             Slain by an ufetubus (4 damage)
             ... summoned by Xom
             ... on level 2 of the Dungeon.
             The game lasted 00:12:20 (2975 turns).

Arsuriii the Cutter (Kobold Berserker)              Turns: 2975, Time: 00:12:21

Health: 0/29       AC:  2    Str: 15    XL:     5   Next: 26%
Magic:  5/5        EV: 15    Int:  9    God:    Hepliaklqana [......]
Gold:   116        SH:  0    Dex: 14    Spells: 4/4 levels left

rFire    + . .     SeeInvis .   a - +0 short sword
rCold    . . .     Faith    .   (shield restricted)
rNeg     . . .     Spirit   .   b - +0 animal skin
rPois    .         Reflect  .   (no helmet)
rElec    .         Harm     .   (no cloak)
rCorr    .         Rampage  .   (no gloves)
Will     .....                  (no boots)
Stlth    +++.......             d - amulet of magic regeneration
HPRegen  0.09/turn              i - ring of protection from fire
MPRegen  0.34/turn              (no ring)

@: no status effects
A: small, reduced essence, nightstalker 3
a: Renounce Religion, Recall Ancestor, Ancestor Identity


You were on level 2 of the Dungeon.
You worshipped Hepliaklqana.
Hepliaklqana was noncommittal.
You visited 1 branch of the dungeon, and saw 2 of its levels.

You collected 116 gold pieces.

Inventory:

Hand Weapons
 a - a +0 short sword (weapon)
Armour
 b - a +0 animal skin (worn)
Jewellery
 d - an amulet of magic regeneration (around neck)
 i - a ring of protection from fire (left hand)
Scrolls
 c - a scroll of remove curse
 g - 2 scrolls of teleportation {unknown}
 j - 5 scrolls of identify {unknown}
 k - a scroll of enchant weapon {unknown}
Potions
 e - a potion of flight {unknown}
 f - 2 potions of curing {unknown}
 h - a potion of brilliance {unknown}
 l - a potion of ambrosia {unknown}
 m - a potion of heal wounds {unknown}
 n - a potion of haste {unknown}


   Skills:
 + Level 4.1 Fighting
 + Level 5.0 Short Blades
 + Level 1.6 Armour
 + Level 3.0 Dodging
 + Level 3.8 Stealth


You had 4 spell levels left.
You didn't know any spells.
Your spell library was empty.

Dungeon Overview and Level Annotations

Branches:
Dungeon (2/15)

Altars:
Fedhas
Hepliaklqana
Sif Muna
Wu Jian
Xom
Zin


Innate Abilities, Weirdness & Mutations

You are small and have problems with some larger weapons.
You are completely attuned to the shadows.
Your life essence is reduced to manifest your ancestor. (-10% HP)


Message History

The ufetubus misses you.
Xochitl hits the ufetubus.
The ufetubus closely misses you. The ufetubus misses you.
The chaos spawn hits Xochitl!
The chaos spawn freezes Xochitl.
Xochitl resists.
Xochitl is destroyed!
The ufetubus closely misses you. x2
The crimson imp spits at you. The ufetubus misses you. x2
The ufetubus completely misses you. The ufetubus closely misses you.
The ufetubus misses you. The ufetubus closely misses you.
The ufetubus misses you. x2
The crimson imp shouts, "Give up, thou unctious shard-borne crab-lanthorn!"
The ufetubus barely misses you. The ufetubus misses you. The ufetubus hits you.
* * * LOW HITPOINT WARNING * * *
The ufetubus hits you but does no damage.
The ufetubus misses you. The ufetubus hits you.
You die...
Xom yawns loudly!

#..._............##>...
##._..._.........(##....
#.......................
#....⌠..................
#....................###
##._..._.............###
#).._...#..............
#.......########..#..##
##....5@.# #......<
#....4#..#### ##.####.
#.###.#(....# #......
###...5.#..##.### #.##..#
#....#..#.......# #.##...
#.##.......##.#.# #.##.##
#.##......###.#.# #.#....
#.............#.####.#.###
###########.##.##.#...........#


You could see a chaos spawn (summoned) and an ufetubus (summoned).

Vanquished Creatures
  4 gnolls (D:2)
  3 adders (D:2)
  An ooze (D:1)
  A worm (D:2)
  A leopard gecko (D:2)
  6 bats
  5 giant cockroaches
  5 goblins
  6 hobgoblins
  2 jackals (D:1)
  6 kobolds
  A ball python (D:1)
  A frilled lizard (D:2)
  A quokka zombie (D:2)
  5 rats
48 creatures vanquished.

Vanquished Creatures (others)
  An ancestor (D:2)
1 creature vanquished.

Grand Total: 49 creatures vanquished

Notes
Turn   | Place    | Note
-------+----------+-------------------------------------------
     0 | D:1      | Arsuriii the Kobold Berserker began the quest for the Orb.
     0 | D:1      | Reached XP level 1. HP: 14/14 MP: 1/1
    82 | D:1      | Reached XP level 2. HP: 17/19 MP: 2/2
   221 | D:1      | Reached XP level 3. HP: 17/24 MP: 3/3
   345 | D:1      | Reached skill level 1 in Stealth
  1245 | D:2      | Reached ** piety under Trog
  1246 | D:2      | Reached XP level 4. HP: 21/29 MP: 4/4
  1542 | D:2      | Found a shimmering blue altar of Sif Muna.
  1940 | D:2      | Found a hazy altar of Hepliaklqana.
  1943 | D:2      | Found an ornate altar of the Wu Jian Council.
  1945 | D:2      | Found a blossoming altar of Fedhas.
  1945 | D:2      | Found a glowing silver altar of Zin.
  1950 | D:2      | Found a shimmering altar of Xom.
  1985 | D:2      | Fell from the grace of Trog
  1985 | D:2      | Became a worshipper of Xom of Chaos
  2000 | D:2      | XOM: divination: magic mapping
  2055 | D:2      | Paralysed by Trog for 2 turns
  2077 | D:2      | XOM: silly message
  2611 | D:2      | Reached XP level 5. HP: 28/33 MP: 5/5
  2619 | D:2      | Reached skill level 5 in Short Blades
  2866 | D:2      | XOM: divination: detect items
  2915 | D:2      | Fell from the grace of Xom
  2915 | D:2      | Became a worshipper of Hepliaklqana the Forgotten
  2947 | D:2      | XOM: summons 3 hostile demons
  2948 | D:2      | Noticed a chaos spawn
  2975 | D:2      | Slain by an ufetubus

Illustrated notes

Levels and vault maps discovered:
D:1:      onia_arrival_pyramid, layout_loops_ring, minmay_misc_feat_columns,
          fountainhead, minmay_hedge_maze, palyth_stone_intersect,
          minmay_fountain_box, minmay_pentomino_x4
D:2:      layout_basic, grunt_temple_overflow_open

Skill      XL: |  1  2  3  4  5 |
---------------+----------------+-----
Stealth        | 2 3 |  3.8
Fighting       | 4 |  4.1
Short Blades   | 5 |  5.0
Dodging        | 3 |  3.0
Armour         | |  1.6

Action                   |  1- 3 |  4- 6 || total
-------------------------+-------+-------++-------
Melee: Short sword       |    94 |    82 ||   176
Invok: Berserk           |     1 |     1 ||     2
  Use: Scroll            |       |     1 ||     1
 Stab: Sleeping          |    14 |     4 ||    18
Armor: Animal skin       |     5 |    10 ||    15
Dodge: Dodged            |    68 |    67 ||   135
